 Dungeon Crawl Stone Soup version 0.29-a0-416-g83a48905f1 (webtiles) character file.

Game seed: 5318942582871248581

395 Zdeegee the Skirmisher (level 6, -1/53 HPs)
             Began as a Draconian Cinder Acolyte on May 17, 2022.
             Was a High Priest of Ignis.
             Succumbed to their own poison gas
             ... on level 3 of the Dungeon.
             The game lasted 00:08:23 (3544 turns).

Zdeegee the Skirmisher (Draconian Cinder Acolyte)   Turns: 3544, Time: 00:08:24

Health: -1/53      AC:  7    Str: 16    XL:     6   Next: 52%
Magic:  1/10       EV: 11    Int: 17    God:    Ignis [*****.]
Gold:   64         SH:  0    Dex:  6    Spells: 7/10 levels left

rFire   + . .      SeeInvis .   a - -1 spear (flame)
rCold   . . .      Faith    .   (no shield)
rNeg    . . .      Spirit   +   (body armour unavailable)
rPois   .          Reflect  .   (helmet restricted)
rElec   .          Harm     .   j - +0 cloak
rCorr   .          Rampage  .   (no gloves)
Will    .....                   (no boots)
Stlth   +.........              i - amulet of guardian spirit
HPRegen 0.17/turn               (no ring)
MPRegen 0.12/turn               (no ring)

@: lethally poisoned (-1 -> -16)
A: AC +6, unfitting armour, cold-blooded
a: Renounce Religion, Fiery Armour, Foxfire Swarm, Rising Flame


You were on level 3 of the Dungeon.
You worshipped Ignis.
Ignis was extremely pleased with you.
You visited 1 branch of the dungeon, and saw 3 of its levels.

You collected 64 gold pieces.

Inventory:

Hand Weapons
 a - a -1 spear of flaming (weapon)
 b - a +0 scythe of protection
 n - a +3 dagger
Missiles
 l - 6 poisoned darts
Armour
 j - a +0 cloak (worn)
Jewellery
 i - an amulet of guardian spirit (around neck)
Scrolls
 d - 2 scrolls of identify
 h - a scroll of teleportation {unknown}
 k - 2 scrolls of immolation
 m - a scroll of magic mapping {unknown}
Potions
 c - 3 potions of curing
 e - a potion of brilliance {unknown}
 o - 3 potions of might {unknown}


   Skills:
 * Level 4.4 Fighting
 + Level 0.1 Short Blades
 + Level 3.6 Polearms
 * Level 1.1 Dodging
 * Level 2.6 Spellcasting
 + Level 1.7 Conjurations
 * Level 4.1 Fire Magic
 * Level 1.7 Air Magic
 * Level 1.9 Invocations


You had 7 spell levels left.
You knew the following spells:

 Your Spells              Type           Power      Damage    Failure   Level
a - Scorch                Fire           32%        2d7       4%          2
b - Shock                 Conj/Air       32%        1d5       9%          1

Your spell library contained the following spells:

 Spells                   Type           Power      Damage    Failure   Level
 Swiftness                Air            8%         N/A       26%         3
 Airstrike                Air            4%         N/A       65%         4


Dungeon Overview and Level Annotations

Branches:
Dungeon (3/15)

Altars:
Wu Jian
Yredelemnul
The Shining One


Innate Abilities, Weirdness & Mutations

Your plain brown scales are hard. (AC +6)
You cannot fit into any form of body armour.
You are cold-blooded and may be slowed by cold attacks.


Message History

The crimson imp hits you with a +0 spear.
There is an open door, spattered with blood here.
You closely miss the crimson imp. You hit the crimson imp.
Your tail-slap misses the crimson imp.
The crimson imp is moderately wounded.
The crimson imp hits you but does no damage.
You barely miss the crimson imp.
The crimson imp is lightly wounded.
The crimson imp hits you with a +0 spear.
* * * LOW HITPOINT WARNING * * *
You barely miss the crimson imp.
Your tail-slap misses the crimson imp.
The crimson imp is lightly wounded.
The crimson imp hits you with a +0 spear!
* * * LOW HITPOINT WARNING * * *
The crimson imp barely misses you.
The crimson imp hits you but does no damage.
There is a fountain of clear blue water here.
The crimson imp hits you with a +0 spear.
* * * LOW HITPOINT WARNING * * *
The crimson imp closely misses you. The worm closely misses you.
There is a fountain of clear blue water here.
The crimson imp closely misses you.
The crimson imp hits you from afar with a +0 spear.
* * * LOW HITPOINT WARNING * * *
You open the door. The crimson imp barely misses you.
Found a basalt altar of Yredelemnul.
There is an open door here.
The air fills with toxic fumes!
As you read the scroll labelled FISSIE NUSKI, it crumbles to dust.
It was a scroll of poison.
The crimson imp barely misses you. The worm bites you.
* * * LOW HITPOINT WARNING * * *
Blink to where?
Press: ? - help, Dir - move target, p - crimson imp Really blink into that cloud of poison gas?
As you read the scroll labelled KOAMEDDU YTARGH, it crumbles to dust.
It was a scroll of blinking.
You are engulfed in poison gas.
You are lethally poisoned!
* * * LOW HITPOINT WARNING * * *
You die...

...# ##.## #.##.### #.#
.#.# ###.# #......# #.#
.#.######..##
###......#.#
.#.)......###
......#.#.#
.##########_##
###....#.#.# ## #.§§#
##.#.#.#.# ####§####
#.#.#.#.# ##§#§§§#§####
#w..#.#.# #§§§w5§§§§@.#
#.###.#†#
##§#§§§#§##.###.###.#.#
####+####.........#..#
#......#.###.##
#.####..## ##.# ### #.
###.###.## ..# #.
##.#.## #.### #. ##.##
....# #.########.#


You could see a worm and a crimson imp.

Vanquished Creatures
  Sigmund (D:2)
  An ice beast (D:3)
  A scorpion (D:3)
  3 adders (D:2)
  A worm (D:3)
  4 dart slugs
  2 orcs (D:3)
  3 ball pythons (D:1)
  4 bats (D:1)
  4 endoplasms
  2 giant cockroaches
  2 goblins (D:1)
  2 hobgoblins (D:1)
  4 quokkas
  2 frilled lizards
  A goblin zombie (D:3)
  4 hobgoblin zombies (D:3)
  7 kobolds
  A kobold skeleton (D:3)
  2 kobold zombies (D:3)
  An orc skeleton (D:3)
  2 orc zombies (D:3)
  3 rats
57 creatures vanquished.

Vanquished Creatures (others)
  2 fungi (D:2)
  4 plants (D:2)
6 creatures vanquished.

Grand Total: 63 creatures vanquished

Notes
Turn   | Place    | Note
-------+----------+-------------------------------------------
     0 | D:1      | Zdeegee the Draconian Cinder Acolyte began the quest for
                  | the Orb.
     0 | D:1      | Reached XP level 1. HP: 19/19 MP: 2/2
   342 | D:1      | Reached XP level 2. HP: 27/27 MP: 3/3
   345 | D:1      | Learned a level 2 spell: Scorch
   352 | D:1      | Learned a level 1 spell: Shock
   715 | D:1      | Reached XP level 3. HP: 11/33 MP: 1/4
  1416 | D:2      | Noticed Sigmund
  1480 | D:2      | Killed Sigmund
  1481 | D:2      | Reached skill level 1 in Conjurations
  1481 | D:2      | Reached skill level 1 in Air Magic
  1481 | D:2      | Reached skill level 1 in Invocations
  1481 | D:2      | Reached XP level 4. HP: 40/40 MP: 1/7
  1481 | D:2      | Reached XP level 5. HP: 46/46 MP: 1/8
  1766 | D:2      | Found a faded altar of an unknown god.
  2707 | D:3      | Found a glowing golden altar of the Shining One.
  3052 | D:3      | Reached XP level 6. HP: 40/53 MP: 5/9
  3130 | D:3      | Noticed an ice beast
  3147 | D:3      | Killed an ice beast
  3148 | D:3      | Reached skill level 1 in Dodging
  3519 | D:3      | Found an ornate altar of the Wu Jian Council.
  3541 | D:3      | Found a basalt altar of Yredelemnul.
  3544 | D:3      | Succumbed to their own poison gas

Illustrated notes

Levels and vault maps discovered:
D:1:      nagdon_arrival_double_spiral, layout_loops_ring
D:2:      layout_loops_ring, serial_aquarium, aquarium_bridge_square
          [aquarium_subvault_window, aquarium_subvault_bridge,
          aquarium_subvault_balcony, aquarium_subvault_wall],
          aquarium_bridge_straight [aquarium_subvault_bridge,
          aquarium_subvault_balcony, aquarium_subvault_bridge,
          aquarium_subvault_window], aquarium_window_corridor_1,
          aquarium_window_fake, aquarium_window_fake, aquarium_view_2d,
          aquarium_pool_corner, shapermc_ecumenical_altar_mp_urbaneastern,
          uniq_sigmund
D:3:      layout_loops_ring, grunt_temple_overflow_diamond,
          nicolae_tso_besieged_by_evil, kennysheep_generic_room_8

Skill      XL: |  1  2  3  4  5  6 |
---------------+-------------------+-----
Fighting       | 4 |  4.4
Spellcasting   | 2 |  2.6
Conjurations   | 1 |  1.7
Air Magic      | 1 |  1.7
Invocations    | 1 |  1.9
Fire Magic     | 4 |  4.1
Dodging        | 1 |  1.1
Short Blades   | |  0.1
Polearms       | |  3.6

Action                   |  1- 3 |  4- 6 || total
-------------------------+-------+-------++-------
Melee: Spear             |    83 |    47 ||   130
       Tailslap          |     4 |     7 ||    11
       Dagger            |       |    27 ||    27
       Punch             |       |     1 ||     1
Throw: Dart              |     3 |       ||     3
 Cast: Scorch            |    13 |    18 ||    31
       Shock             |     5 |    56 ||    61
  Use: Scroll            |     1 |     3 ||     4
       Potion            |     5 |       ||     5
Armor: Skin              |    26 |    28 ||    54
Dodge: Dodged            |    25 |    47 ||    72

Table legend: (Time is in decaauts)
 A = Elapsed time spent in this place.
 B = Non-inter-level travel time spent in this place.
 C = Inter-level travel time spent in this place.
 D = Time resting spent in this place.
 E = Time spent auto-exploring this place.
 F = Levels seen in this place.
 G = Mean time per level.
                   A        B        C        D        E       F      G
               +--------+--------+--------+--------+--------+-----+--------+
         Total |   3535 |   3391 |    144 |    262 |   2548 |   3 | 1178.3 |
       Dungeon |   3535 |   3391 |    144 |    262 |   2548 |   3 | 1178.3 |
               +--------+--------+--------+--------+--------+-----+--------+

Top non-repeatable levels by time:
     D:2: 1394 daAuts
     D:1: 1187 daAuts
     D:3: 954 daAuts
